 Dungeon Crawl Stone Soup version 0.31.0-32-g396128a36d (webtiles) character file.

Game seed: 12806041557026111808

314 gentooman the Gusty (level 6, -3/47 HPs)
             Began as a Draconian Air Elementalist on Mar 15, 2024.
             Slain by a yak (13 damage)
             ... on level 4 of the Dungeon on Mar 22, 2024.
             The game lasted 01:14:18 (3537 turns).

gentooman the Gusty (Draconian Air Elementalist)    Turns: 3537, Time: 01:14:19

Health: -3/47      AC:  6    Str: 16    XL:     6   Next: 19%
Magic:  11/11      EV: 12    Int: 16    God:
Gold:   291        SH:  0    Dex: 13    Spells: 3/11 levels left

rFire   . . .        q - +0 short sword
rCold   . . .        (no shield)
rNeg    . . .        (body armour unavailable)
rPois   .            (helmet restricted)
rElec   .            (no cloak)
rCorr   .            (no gloves)
SInv    .            (no boots)
Will    .....        f - amulet of regeneration
Stlth   ++           r - +6 ring of strength
HPRegen 1.07/turn    (no ring)
MPRegen 0.12/turn

%: no passive effects
@: no status effects
A: AC +6, unfitting armour, cold-blooded
a: no special abilities


You were on level 4 of the Dungeon.
You visited 1 branch of the dungeon, and saw 5 of its levels.

You collected 291 gold pieces.

Inventory:

Hand Weapons
 b - a +0 sling
 q - a +0 short sword (weapon)
Missiles
 e - 29 stones
Jewellery
 f - an amulet of regeneration (around neck)
 n - an amulet of guardian spirit
 r - a +6 ring of strength (left hand)
Wands
 s - a wand of roots (9)
 B - a wand of paralysis (10)
Scrolls
 c - a scroll of enchant armour {unknown}
 d - 2 scrolls of torment {unknown}
 g - 5 scrolls of identify {unknown}
 i - a scroll of amnesia {unknown}
 l - a scroll of enchant weapon {unknown}
 o - 2 scrolls of vulnerability {unknown}
 t - 2 scrolls of poison {unknown}
 v - 2 scrolls of revelation {unknown}
 w - a scroll of immolation {unknown}
 x - a scroll of blinking {unknown}
 y - a scroll of silence {unknown}
Potions
 a - 2 potions of magic
 h - a potion of haste {unknown}
 j - 3 potions of cancellation {unknown}
 k - a potion of brilliance {unknown}
 m - 2 potions of curing {unknown}
 p - 2 potions of lignification {unknown}
 u - a potion of degeneration {unknown}
 z - a potion of heal wounds {unknown}
 A - 3 potions of berserk rage {unknown}


   Skills:
 + Level 1.2 Fighting
 + Level 1.8 Short Blades
 + Level 2.3 Dodging
 + Level 2.2 Stealth
 + Level 3.4 Spellcasting
 + Level 2.7 Conjurations
 + Level 4.3 Air Magic


You had 3 spell levels left.
You knew the following spells:

 Your Spells              Type           Power      Damage    Failure   Level
a - Shock                 Conj/Air       56%        1d6       4%          1
b - Static Discharge      Conj/Air       28%        3-5/arc   6%          2
c - Apportation           Tloc           4%         N/A       19%         1
d - Airstrike             Air            8%         2d(2-18)  30%         4

Your spell library contained the following spells:

 Spells                   Type           Power      Damage    Failure   Level
 Swiftness                Air            16%        N/A       9%          3
 Jinxbite                 Hex            4%         N/A       26%         2
 Alistair's Intoxication  Alch           1%         N/A       99%         5


Dungeon Overview and Level Annotations

Branches:
Dungeon (5/15)
 Temple: D:4-7

Altars:
Elyvilon
Hepliaklqana
Kikubaaqudgha


Innate Abilities, Weirdness & Mutations

Your plain brown scales are hard. (AC +6)
You cannot fit into any form of body armour.
You are cold-blooded and may be slowed by cold attacks.


Message History

The yak attacks as it pursues you! The yak gores you but does no damage.
The yak attacks as it pursues you! The yak barely misses you.
You see here an adder corpse.
There is a stone staircase leading down here.
You see here a +0 club.
Things that are here:
a +0 flail; an orc corpse
There is a stone staircase leading up here.
You climb upwards.
The ice beast barely misses you.
There is a stone staircase leading down here.
Welcome back, gentooman the Draconian Air Elementalist.
Press ? for a list of commands and other information.
The ice beast hits you but does no damage.
You climb downwards.
The yak gores you! x2
There is a stone staircase leading up, spattered with blood here.
The ice beast completely misses you. The yak closely misses you.
You climb upwards.
There is a stone staircase leading down here.
The ice beast attacks as it pursues you!
The ice beast hits you but does no damage.
The yak misses you. The yak misses you.
The ice beast attacks as it pursues you!
The ice beast hits you. The ice beast freezes you.
You feel yourself slow down.
You see here a jackal skeleton.
The yak attacks as it pursues you! The yak gores you!
* * * LOW HITPOINT WARNING * * *
The ice beast hits you but does no damage.
You see here a jackal skeleton.
You feel yourself speed up. The yak gores you!
* * * LOW HITPOINT WARNING * * *
The yak snorts and paws the ground.
The yak gores you.
* * * LOW HITPOINT WARNING * * *
The yak attacks as it pursues you! The yak gores you but does no damage.
The ice beast attacks as it pursues you!
The ice beast hits you but does no damage.
The yak attacks as it pursues you! The yak gores you!
You die...

#).# #.####..# ##....#.....
##.#####.##....# #>....#.....
#....##....##.# #........†_.
#.............###.....#.....
##..............##.....#.....
#................#÷....##....
#................#÷....####.#
##............Y...............
#............@Y.............##
#...........................#
#.......<.........#...#####.#
#................###.## ##
#...#######......# ###
#...#.....######)# #...#.._..#
#.# ## ##.###...## #.## ###.
#.......# #..# #.#.


You could see a yak and an ice beast.

Vanquished Creatures
  An iguana (D:4)
  An orc wizard (D:5)
  7 gnolls (D:3)
  7 adders
  3 ribbon worms
  7 dart slugs
  6 orcs
  11 endoplasms
  4 giant cockroaches
  7 goblins
  5 hobgoblins
  9 jackals
  9 kobolds
  8 quokkas
  6 ball pythons
  12 bats
  3 frilled lizards
  2 rats (D:3)
108 creatures vanquished.

Notes
Turn   | Place    | Note
-------+----------+-------------------------------------------
     0 | D:1      | gentooman the Draconian Air Elementalist began the quest
                  | for the Orb.
     0 | D:1      | Reached XP level 1. HP: 14/14 MP: 3/3
   151 | D:1      | Found a faded altar of an unknown god.
   335 | D:1      | Reached XP level 2. HP: 20/20 MP: 0/5
   338 | D:1      | Learned a level 2 spell: Static Discharge
   780 | D:1      | Reached XP level 3. HP: 26/26 MP: 3/6
  1501 | D:2      | Reached XP level 4. HP: 32/33 MP: 4/8
  2375 | D:3      | Reached skill level 4 in Air Magic
  2376 | D:3      | Reached XP level 5. HP: 38/38 MP: 3/9
  2449 | D:3      | Reached skill level 1 in Short Blades
  2732 | D:4      | Found an ancient bone altar of Kikubaaqudgha.
  2758 | D:4      | Reached skill level 1 in Fighting
  2760 | D:4      | Learned a level 1 spell: Apportation
  2834 | D:4      | Noticed an ice beast
  3080 | D:3      | Learned a level 4 spell: Airstrike
  3211 | D:4      | Found a hazy altar of Hepliaklqana.
  3251 | D:4      | Found a white marble altar of Elyvilon.
  3270 | D:4      | Reached XP level 6. HP: 47/47 MP: 3/11
  3311 | D:5      | Entered Level 5 of the Dungeon
  3315 | D:5      | Noticed a yak
  3537 | D:4      | Slain by a yak

Illustrated notes

Levels and vault maps discovered:
D:1:      co_arrival_random_square_maze, layout_basic,
          dreamdust_ecumenical_altar_angels_and_demons
D:2:      minmay_diamond_boxcup, layout_basic, minmay_randomly_rotated_circles
D:3:      layout_basic
D:4:      layout_rooms, old_standard_altar, mainiacjoe_overflow_alcove_1,
          tgw_kikubaaqudgha, serial_library_hellmonk_narrow_alcove
D:5:      layout_loops_ring, nemelex_diamond_rough_becter,
          nicolae_overflow_crystal_walls, minmay_temple_entry_sparse_star,
          serial_shops, nicolae_shop_tiny_real_fake_doors, st_stairs_3,
          hangedman_decor_lopped, minmay_manual_macuahuitl, uniq_menkaure,
          uniq_grinder, uniq_prince_ribbit1

Skill      XL: |  1  2  3  4  5 |
---------------+----------------+-----
Stealth        | 2 |  2.2
Dodging        | 2 |  2.3
Spellcasting   | 3 |  3.4
Conjurations   | 2 |  2.7
Air Magic      | 4 |  4.3
Short Blades   | 1 |  1.8
Fighting       | 1 |  1.2

Action                     |  1- 3 |  4- 6 || total
---------------------------+-------+-------++-------
  Melee: Unarmed           |    10 |       ||    10
         Tailslap          |     4 |    15 ||    19
         Dagger            |    26 |    18 ||    44
         Punch             |     1 |     1 ||     2
         Short sword       |       |   113 ||   113
   Cast: Shock             |    77 |   109 ||   186
         Static Discharge  |     1 |     5 ||     6
   Stab: Sleeping          |       |     3 ||     3
 Armour: Skin              |    30 |   125 ||   155
  Dodge: Dodged            |    40 |   118 ||   158
